 Dungeon Crawl Stone Soup version 0.25-a0-504-g768f60da87 (webtiles) character file.

Game seed: 7513451651136956776, levelgen mode: deterministic

140794 DerDa the Scorcher (level 17, -2/95 HPs)
             Began as an Octopode Fire Elementalist on Feb 12, 2020.
             Was an Elder of Sif Muna.
             Slain by a manticore (10 damage)
             ... on level 4 of the Shoals on Feb 14, 2020.
             The game lasted 03:12:40 (37760 turns).

DerDa the Scorcher (Octopode Fire Elementalist)    Turns: 37760, Time: 03:12:41

Health: -2/95      AC:  9    Str: 12    XL:     17   Next: 31%
Magic:  28/34      EV: 19    Int: 22    God:    Sif Muna [****..]
Gold:   2087       SH:  5    Dex: 13    Spells: 11/43 levels left

rFire    + + .     SeeInvis +   m - staff of wizardry
rCold    x . .     Gourm    .   S - +0 buckler
rNeg     . . .     Faith    .   K - +2 hat
rPois    +         Spirit   .   Z - amulet of magic regeneration
rElec    .         Reflect  .   x - +4 ring of protection
rCorr    .         Harm     .   B - ring of Akurixea {+Fly Str+5 Slay+3}
MR       +....                  P - +2 ring of intelligence
Stlth    ++........             I - ring of protection from fire
HPRegen  0.25/turn              W - ring of fire
MPRegen  0.49/turn              l - ring of see invisible
                                X - ring of wizardry
                                U - ring of poison resistance

@: barbed spikes, slowed, glowing, very slow
A: almost no armour, stealthy swim, amphibious, 8 rings, constrict 8, tentacle
spike 1, iridescent scales 1, camouflage 1, dopey 1, weak 1, gelatinous body 1
a: Channel Magic, Forget Spell, Divine Exegesis, Renounce Religion, Evoke Flight


You were on level 4 of the Shoals.
You worshipped Sif Muna.
Sif Muna was greatly pleased with you.
You were hungry.

You visited 4 branches of the dungeon, and saw 27 of its levels.
You also visited: Sewer and Ice Cave.

You collected 3217 gold pieces.
You spent 1130 gold pieces at shops.

Inventory:

Hand Weapons
 w - the +4 long sword of Vyungudd {flame, rC+ Int+4}
   (You found it on level 4 of the Lair of Beasts)

   It has been specially enchanted to burn those struck by it, causing extra
   injury to most foes and up to half again as much damage against particularly
   susceptible opponents.
   Big, fiery blades are also staple armaments of hydra-hunters.
   It affects your intelligence (+4).
   It protects you from cold.
Missiles
 f - 903 stones
 N - 83 poisoned darts (quivered)
Armour
 K - a +2 hat (worn)
 S - a +0 buckler (worn)
Magical Staves
 m - an uncursed staff of wizardry (weapon)
 u - an uncursed staff of conjuration
Jewellery
 l - a ring of see invisible (on tentacle)
 o - a +4 ring of strength
 x - a +4 ring of protection (left tentacle)
 B - the ring of Akurixea (right tentacle) {+Fly Str+5 Slay+3}
   (You acquired it on level 8 of the Dungeon)

   [ring of slaying]

   It affects your strength (+5).
   It affects your accuracy and damage with ranged weapons and melee attacks
   (+3).
   It lets you fly.
 D - an uncursed ring of protection from cold
 H - the ring of Kewes {rN+ Str+6 Int+3 Dex-5}
   (You took it off a merfolk on level 1 of the Shoals)

   [ring of intelligence]

   It affects your strength (+6).
   It affects your intelligence (+3).
   It affects your dexterity (-5).
   It protects you from negative energy.
 I - a ring of protection from fire (on tentacle)
 P - a +2 ring of intelligence (on tentacle)
 U - a ring of poison resistance (on tentacle)
 W - a ring of fire (on tentacle)
 X - a ring of wizardry (on tentacle)
 Z - an amulet of magic regeneration (around mantle)
Wands
 e - a wand of iceblast (21)
 h - a wand of disintegration (27)
 t - a wand of digging (6)
 v - a wand of enslavement (18)
 y - a wand of clouds (2)
 F - a wand of polymorph (48)
 J - a wand of acid (5)
 L - a wand of scattershot (2)
 Y - a wand of paralysis (21)
Scrolls
 c - 2 scrolls of remove curse
 d - 3 scrolls of fear
 i - 14 scrolls of teleportation
 j - 5 scrolls of immolation
 p - 2 scrolls of magic mapping
 s - a scroll of identify
 A - 2 scrolls of fog
 G - a scroll of summoning
Potions
 g - 6 potions of curing
 k - 5 potions of haste
 n - a potion of cancellation
 q - 3 potions of invisibility
 r - 2 potions of resistance
 C - 2 potions of mutation
 E - 5 potions of might
 M - 2 potions of magic
 Q - 3 potions of agility
 R - 2 potions of brilliance
Miscellaneous
 O - a fan of gales
 V - a phial of floods
Comestibles
 b - 22 rations


   Skills:
 + Level 1.9 Fighting
 + Level 10.6 Dodging
 - Level 2.6 Stealth
 - Level 4.0 Shields
 * Level 13.8 Spellcasting
 + Level 12.8 Conjurations
 - Level 13.1 Charms
 - Level 4.0 Translocations
 * Level 15.0 Fire Magic
 + Level 4.5 Earth Magic
 + Level 9.1 Invocations
 + Level 4.0 Evocations


You had 11 spell levels left.
You knew the following spells:

 Your Spells              Type           Power        Failure   Level  Hunger
a - Foxfire               Conj/Fire      ####         0%          1    None
b - Sticky Flame          Conj/Fire      #######.     1%          4    None
c - Fireball              Conj/Fire      #######...   1%          5    ###....
d - Shroud of Golubria    Chrm/Tloc      ######       1%          2    None
e - Orb of Destruction    Conj           ######....   4%          7    ######.
f - Irradiate             Conj/Tmut      #####.....   2%          5    ###....
g - Iron Shot             Conj/Erth      ######....   4%          6    #####..
q - Blink                 Tloc           N/A          1%          2    None

Your spell library contained the following spells:

 Spells                   Type           Power        Failure   Level  Hunger
 Magic Dart               Conj           ####         0%          1    None
 Animate Skeleton         Necr           N/A          1%          1    None
 Beastly Appendage        Tmut           ###...       1%          1    None
 Corona                   Hex            ###....      1%          1    None
 Freeze                   Ice            ###.         1%          1    None
 Pain                     Necr           ###.         1%          1    None
 Shock                    Conj/Air       ####         1%          1    None
 Summon Butterflies       Summ           ###.....     1%          1    None
 Summon Small Mammal      Summ           ###.         1%          1    None
 Call Imp                 Summ           ###.....     1%          2    None
 Ensorcelled Hibernation  Hex/Ice        ###...       1%          2    None
 Slow                     Hex            ###.....     1%          2    None
 Sticks to Snakes         Tmut           ###.....     1%          2    None
 Conjure Flame            Conj/Fire      #######.     1%          3    None
 Dazzling Flash           Conj/Hex       #####.       1%          3    None
 Gell's Gravitas          Tloc           ####......   1%          3    None
 Inner Flame              Hex/Fire       ######..     1%          3    None
 Lesser Beckoning         Tloc           ####......   1%          3    None
 Ozocubu's Armour         Chrm/Ice       #####...     1%          3    None
 Portal Projectile        Hex/Tloc       ###...       1%          3    None
 Teleport Other           Tloc           ####....     1%          3    None
 Fulminant Prism          Conj/Hex       #####.....   1%          4    None
 Hailstorm                Conj/Ice       #####...     1%          4    None
 Iskenderun's Battlesphe  Conj/Chrm      ######..     1%          5    ###....
 Passage of Golubria      Tloc           N/A          2%          4    None
 Call Canine Familiar     Summ           ###.....     3%          3    None
 Confusing Touch          Hex            ###.....     3%          3    None
 Frozen Ramparts          Ice            ###...       3%          3    None
 Spider Form              Tmut/Pois      ###.......   3%          3    None
 Summon Guardian Golem    Hex/Summ       ###.....     3%          3    None
 Tukima's Dance           Hex            ###.....     3%          3    None
 Vampiric Draining        Necr           ###.......   3%          3    None
 Leda's Liquefaction      Hex/Erth       ####......   4%          4    None
 Animate Dead             Necr           N/A          11%         4    None
 Cause Fear               Hex            ###.......   11%         4    None
 Ice Form                 Ice/Tmut       ###.....     11%         4    None
 Summon Ice Beast         Ice/Summ       ###.....     11%         4    None
 Summon Lightning Spire   Summ/Air       ###.....     11%         4    None
 Conjure Ball Lightning   Conj/Air       #####.....   12%         6    #####..
 Summon Forest            Summ/Tloc      ###.......   13%         5    ###....
 Agony                    Necr           ###.....     28%         5    ###....
 Aura of Abjuration       Summ           ###.......   28%         5    ###....
 Blade Hands              Tmut           ###.......   28%         5    ###....
 Summon Demon             Summ           ###.......   28%         5    ###....
 Summon Mana Viper        Hex/Summ       ###.....     28%         5    ###....
 Monstrous Menagerie      Summ           ###.......   100%        7    ######.
 Summon Hydra             Summ           ###.......   100%        7    ######.


Dungeon Overview and Level Annotations

Branches:
Dungeon (15/15)            Temple (0/1) D:6            Lair (6/6) D:9
 Shoals (4/4) Lair:3       Spider (0/4) Lair:4        Slime (0/5) Lair:5
    Orc (2/2) D:11            Elf (0/3) Orc:2        Vaults (0/5) D:13
 Depths (0/5) D:15          Sewer (visited)           IceCv (visited)

Altars:
Ashenzari
Dithmenos
Makhleb
Qazlal
Sif Muna
Uskayaw
Wu Jian
Xom
Zin
Beogh

Shops:
D:7 *   D:11 !   Orc:2 =}=%

Annotations:
Shoals:1 1 transporter


Innate Abilities, Weirdness & Mutations

You cannot wear most types of armour.
You are very stealthy in the water. (Stealth+)
You are amphibious.
You can wear up to eight rings at the same time.
You can use your tentacles to constrict eight enemies at once.
Your skin changes colour to match your surroundings (Stealth+).
Your rubbery body absorbs attacks. (AC +1, EV +1)
One of your tentacles bears a spike.
You are partially covered in iridescent scales. (AC +2)
You are dopey. (Int -2)
You are weak. (Str -2)


Message History

The wind drake exhales a fierce blast of wind!
You are blown backwards!
Unknown command.
The barbs in your skin will harm you if you move.
Continue?
Okay, then.
The barbs in your skin will harm you if you move.
Continue?
The barbed spikes dig painfully into your body as you move.
The faun shoots a stone.
The stone hits you but does no damage.
The merfolk siren chants a haunting song.
You resist.
The faun points at you and mumbles some strange words.
You are outlined in light.
The sea snake bites you!
* * * LOW HITPOINT WARNING * * *
There is a stone staircase leading up, spattered with blood here.
You see here a sling bullet.
You feel less invigorated. The wind drake misses you. The sea snake misses you.
You block the wind drake's attack.
The faun shoots a stone.
The stone hits you!
* * * LOW HITPOINT WARNING * * *
The manticore bites you!
You die...

#..≈≈≈≈≈≈≈≈≈≈≈≈≈≈≈≈≈....
..≈≈≈≈cc≈≈≈≈≈≈≈≈≈≈≈.....
....)≈≈≈≈≈≈≈≈≈≈≈≈≈≈.....
..≈m≈≈≈..≈)≈≈(####≈.....
..≈≈≈(...§≈)≈# ###"...
..<....(§§§# ###..
##.....(.§§# #≈..
##....Hk§≈§## ##..
.....≈S@§≈§≈# #≈.≈
≈...≈≈≈≈§§§## #≈..
≈...≈≈≈≈≈≈≈# #...
≈...≈≈≈≈≈≈≈# ###..
≈c.≈≈≈≈≈≈≈≈≈≈ #....
≈≈≈≈≈≈≈≈≈≈≈≈(# #....
≈≈≈≈≈≈≈≈≈≈≈≈≈≈≈ ......
≈≈≈≈≈≈≈≈≈≈≈≈≈≈≈ ≈..≈≈≈
≈≈≈≈≈≈


You could see a sea snake, a wind drake, 3 fauns, a manticore and a merfolk
siren.

Vanquished Creatures
  Rupert (D:13)
  A kraken (Shoals:2)
  Polyphemus (Shoals:2)
  A fire giant (D:15)
  A frost giant (IceCv)
  2 entropy weavers (Lair:5)
  Azrael (D:13)
  3 merfolk javelineers (Shoals:2)
  Snorg (D:11)
  2 merfolk impalers
  Josephine (D:15)
  A fire dragon (Lair:6)
  6 hydras
  Erolcha (D:13)
  Fannar (Orc:1)
  Harold (Lair:1)
  The ghost of Ushiar the Thaumaturge, a journeyman GnSk of the Shining One (Lair:1)
  4 satyrs
  3 catoblepae
  3 centaur warriors
  2 alligator snapping turtles (Shoals:1)
  2 merfolk aquamancers
  2 two-headed ogres (D:8)
  3 merfolk avatars
  9 death yaks
  A queen ant (Lair:5)
  4 orc high priests
  Nergalle (Lair:2)
  Sonja (Lair:2)
  5 unseen horrors
  A swamp dragon (Lair:6)
  A spectral hydra (Lair:1)
  4 orc knights (Orc:2)
  6 sea snakes
  A harpy (Shoals:1)
  A deep elf mage (D:12)
  10 ugly things
  3 orc sorcerers (Orc:2)
  20 fauns
  An oklob plant (Lair:5)
  6 manticores
  A salamander (shapeshifter) (D:15)
  5 cyclopes
  8 merfolk sirens
  5 black mambas
  4 elephants (Lair:5)
  A gargoyle (D:15)
  4 water nymphs
  Psyche (D:8)
  An ice statue (IceCv)
  8 spiny frogs
  Maggie (D:9)
  2 rime drakes
  A yaktaur (D:15)
  3 kobold demonologists
  5 komodo dragons
  6 trolls
  25 polar bears
  A hornet (shapeshifter) (D:14)
  10 merfolk
  A harpy skeleton (D:15)
  A hornet (Lair:5)
  5 wind drakes
  3 blink frogs (Lair:6)
  6 slime creatures
  7 snapping turtles
  6 dream sheep
  6 hippogriffs
  2 vampires
  7 water elementals
  59 yaks
  7 wraiths
  16 humans (D:13)
  A basilisk (Lair:1)
  A steam dragon (Lair:6)
  3 fire elementals (D:13)
  2 hungry ghosts
  Menkaure (D:4)
  A death yak simulacrum (Lair:1)
  8 vampire mosquitoes
  5 soldier ants (Lair:5)
  8 wargs
  6 acid dragons
  A hydra simulacrum (Lair:1)
  17 hell hounds
  8 water moccasins
  12 ice beasts
  12 porcupines
  2 spectral torpor snails (Lair:1)
  20 orc warriors
  2 swamp drakes (Lair:6)
  3 sky beasts
  18 black bears
  4 necrophages
  8 ogres
  An eye of draining (D:11)
  36 wolves
  A phantom (D:5)
  23 centaurs
  15 crocodiles
  4 big kobolds
  12 bullfrogs
  2 wyvern zombies
  A spiny frog simulacrum (Lair:1)
  A water moccasin zombie (D:5)
  A wyvern skeleton (D:14)
  2 scorpions
  10 wights
  14 killer bees
  A howler monkey (D:11)
  6 electric eels (D:10)
  7 crimson imps
  A centaur zombie (D:8)
  A quasit (D:8)
  6 bullfrog zombies
  11 orc priests
  25 orc wizards
  2 gnoll shamans
  2 bullfrog skeletons
  9 hounds
  6 jellies
  4 centaur skeletons
  11 iguanas
  Ijyb (D:3)
  4 hell rats (Lair:2)
  14 worker ants
  A killer bee zombie (D:5)
  A hound zombie (D:5)
  A hound skeleton (D:5)
  A howler monkey zombie (D:5)
  18 gnolls
  8 adders
  4 shadow imps
  2 oozes (D:3)
  5 adder zombies (D:5)
  4 adder skeletons
  4 worms
  3 dart slugs
  3 leopard geckos
  66 orcs
  14 bats
  9 giant cockroaches
  4 goblins
  9 hobgoblins
  18 jackals
  21 kobolds
  6 quokkas
  4 ball pythons
  5 frilled lizards
  2 jackal skeletons
  2 jackal zombies (D:5)
  A leopard gecko skeleton (D:4)
  A quokka skeleton (D:4)
  A quokka zombie (D:5)
  3 rats
  3 fungi
  11 plants
950 creatures vanquished.

Vanquished Creatures (collateral kills)
  Urug (D:13)
  2 killer bees (D:10)
3 creatures vanquished.

Vanquished Creatures (others)
  2 harpies (Shoals:1)
  A polar bear (IceCv)
  A raiju (Lair:6)
  1972 foxfires
  35 fungi
  20 plants
  8 tentacles (Shoals:2)
2039 creatures vanquished.

Grand Total: 2992 creatures vanquished

Notes
Turn   | Place    | Note
-------+----------+-------------------------------------------
     0 | D:1      | DerDa the Octopode Fire Elementalist began the quest for
                  | the Orb.
     0 | D:1      | Reached XP level 1. HP: 11/11 MP: 3/3
   116 | D:1      | Reached XP level 2. HP: 17/17 MP: 1/5
   371 | D:1      | Reached XP level 3. HP: 15/21 MP: 2/6
  1406 | D:2      | Found a burning altar of Makhleb.
  1413 | D:2      | Reached XP level 4. HP: 24/27 MP: 2/8
  1524 | D:2      | Learned a level 4 spell: Sticky Flame
  1546 | D:3      | Noticed an ogre
  1558 | D:3      | Killed an ogre
  1558 | D:3      | Reached skill level 4 in Fire Magic
  1558 | D:3      | Reached XP level 5. HP: 11/31 MP: 0/10
  2162 | D:3      | Reached XP level 6. HP: 36/36 MP: 2/11
  2469 | D:3      | Found a shimmering altar of Xom.
  2469 | D:3      | Found a shimmering blue altar of Sif Muna.
  2473 | D:3      | Became a worshipper of Sif Muna the Loreminder
  2601 | D:3      | Noticed Ijyb
  2612 | D:3      | Killed Ijyb
  2769 | D:4      | Noticed Menkaure
  2775 | D:4      | Killed Menkaure
  2877 | D:4      | Reached skill level 5 in Fire Magic
  3036 | D:4      | Reached XP level 7. HP: 41/41 MP: 9/13
  3591 | D:5      | Entered Level 5 of the Dungeon
  3652 | D:5      | Found a hide-covered altar of Uskayaw.
  3657 | D:5      | Reached * piety under Sif Muna
  3660 | D:5      | Noticed a +0 hand axe
  3660 | D:5      | Noticed a +0 hand axe
  3697 | D:5      | Reached skill level 1 in Charms
  4085 | D:5      | Reached XP level 8. HP: 36/46 MP: 11/15
  4234 | D:5      | Reached skill level 5 in Conjurations
  4257 | D:5      | Found a glowing drain.
  4265 | D:5      | Reached skill level 5 in Spellcasting
  4267 | Sewer    | Entered a sewer
  4487 | Sewer    | Learned a level 5 spell: Fireball
  4516 | Sewer    | Reached ** piety under Sif Muna
  4516 | Sewer    | Reached skill level 6 in Fire Magic
  4812 | D:5      | Found a stormy altar of Qazlal.
  5398 | D:6      | Reached XP level 9. HP: 40/51 MP: 4/17
  5522 | D:6      | Found a staircase to the Ecumenical Temple.
  5626 | D:6      | Reached skill level 7 in Fire Magic
  5729 | D:6      | Reached *** piety under Sif Muna
  6025 | D:7      | Found Zin's Purification Station.
  6030 | D:7      | Found a glowing silver altar of Zin.
  6634 | D:8      | Identified a scroll of acquirement
  6635 | D:8      | Identified the +6 buckler of Loss {*Contam rCorr Int+10}
                  | (You acquired it on level 8 of the Dungeon)
  6635 | D:8      | Identified the ring of Akurixea {+Fly Str+5 Slay+3} (You
                  | acquired it on level 8 of the Dungeon)
  6944 | D:8      | Noticed Psyche
  6955 | D:8      | Killed Psyche
  6955 | D:8      | Reached skill level 5 in Charms
  7064 | D:8      | Noticed a two-headed ogre
  7075 | D:8      | Killed a two-headed ogre
  7075 | D:8      | Reached skill level 8 in Fire Magic
  7075 | D:8      | Reached XP level 10. HP: 25/56 MP: 8/20
  7097 | D:8      | Noticed a two-headed ogre
  7384 | D:8      | Killed a two-headed ogre
  8280 | D:9      | Found a staircase to the Lair.
  8298 | D:9      | Reached skill level 5 in Dodging
  8879 | D:9      | Noticed Maggie
  8892 | D:9      | Killed Maggie
  8892 | D:9      | Reached skill level 9 in Fire Magic
  8916 | D:9      | Reached **** piety under Sif Muna
  9131 | D:9      | Found an ornate altar of the Wu Jian Council.
  9133 | D:9      | Reached XP level 11. HP: 61/61 MP: 18/23
  9191 | D:10     | Entered Level 10 of the Dungeon
 10977 | D:11     | Reached ***** piety under Sif Muna
 10980 | D:11     | Noticed Snorg
 11069 | D:11     | Found Qeythraw's Distillery.
 11070 | D:11     | Found a staircase to the Orcish Mines.
 11076 | D:11     | Bought a potion of might for 60 gold pieces
 11076 | D:11     | Bought a potion of agility for 60 gold pieces
 11076 | D:11     | Bought a potion of brilliance for 60 gold pieces
 11076 | D:11     | Bought a potion of heal wounds for 75 gold pieces
 11076 | D:11     | Bought a potion of heal wounds for 75 gold pieces
 11493 | D:11     | Received a gift from Sif Muna
 11503 | D:11     | Learned a level 2 spell: Shroud of Golubria
 11506 | D:11     | Learned a level 2 spell: Blink
 11518 | D:11     | Reached skill level 10 in Fire Magic
 11700 | D:10     | Reached skill level 1 in Translocations
 11938 | D:11     | Noticed an unseen horror
 11940 | D:11     | Killed an unseen horror
 11940 | D:11     | Reached XP level 12. HP: 6/66 MP: 10/25
 12275 | D:11     | Killed Snorg
 12275 | D:11     | Reached skill level 10 in Conjurations
 12639 | Lair:1   | Entered Level 1 of the Lair of Beasts
 12961 | Lair:1   | Found a runed translucent gate.
 12961 | Lair:1   | Found a runed translucent gate.
 12961 | Lair:1   | Found a runed translucent gate.
 12962 | Lair:1   | Noticed Ushiar's ghost (journeyman GnSk)
 13060 | Lair:1   | Noticed Harold
 13081 | Lair:1   | Killed Harold
 13476 | Lair:2   | Found the +0 sword of Power
 13852 | Lair:2   | Noticed an eight-headed hydra
 13866 | Lair:2   | Killed an eight-headed hydra
 13866 | Lair:2   | Reached skill level 1 in Invocations
 13979 | Lair:2   | Found a shattered altar of Ashenzari.
 14628 | Lair:2   | Noticed Nergalle
 14636 | Lair:2   | Noticed Sonja
 14637 | Lair:2   | Killed Nergalle
 14645 | Lair:2   | Killed Sonja
 14645 | Lair:2   | Reached skill level 10 in Spellcasting
 15107 | Lair:2   | Upgraded the game from 0.25-a0-496-g8c4878dea3 to
                  | 0.25-a0-503-ge281fa673e
 15189 | Lair:3   | Reached skill level 11 in Fire Magic
 15212 | Lair:3   | Noticed a four-headed hydra
 15218 | Lair:3   | Killed a four-headed hydra
 15320 | Lair:3   | Noticed a death yak
 15320 | Lair:3   | Noticed a death yak
 15330 | Lair:3   | Noticed a death yak
 15331 | Lair:3   | Noticed a death yak
 15332 | Lair:3   | Noticed a death yak
 15360 | Lair:3   | Killed a death yak
 15528 | Lair:3   | Noticed a death yak
 15531 | Lair:3   | Killed a death yak
 15531 | Lair:3   | Reached XP level 13. HP: 71/71 MP: 6/27
 15531 | Lair:3   | Identified Sif Muna's Papyrus of Spatial Attacks (Sif Muna
                  | gifted it to you on level 3 of the Lair of Beasts)
 15531 | Lair:3   | Received a gift from Sif Muna
 15551 | Lair:3   | Reached skill level 10 in Charms
 15832 | Lair:3   | Learned a level 7 spell: Orb of Destruction
 15838 | Lair:3   | Learned a level 5 spell: Irradiate
 16121 | Lair:3   | Found a staircase to the Shoals.
 16441 | Lair:4   | You fall into a shaft and drop 1 floor!
 16659 | Lair:5   | Found a staircase to the Slime Pits.
 16713 | Lair:5   | Reached skill level 1 in Shields
 16770 | Lair:5   | Noticed an entropy weaver
 17024 | Lair:5   | Noticed an entropy weaver
 17164 | Lair:4   | Found a hole to the Spider Nest.
 17484 | Lair:4   | Got a blackened long sword
 17484 | Lair:4   | Identified the +4 long sword of Vyungudd {flame, rC+ Int+4}
                  | (You found it on level 4 of the Lair of Beasts)
 17806 | Lair:5   | Killed an entropy weaver
 17865 | Lair:5   | Killed an entropy weaver
 18738 | Lair:5   | Reached skill level 12 in Fire Magic
 18788 | Lair:6   | Entered Level 6 of the Lair of Beasts
 18983 | Lair:6   | Noticed a fire dragon
 18990 | Lair:6   | Killed a fire dragon
 18990 | Lair:6   | Reached XP level 14. HP: 71/76 MP: 9/29
 20126 | Lair:6   | Reached skill level 5 in Invocations
 20173 | Lair:6   | Identified Sif Muna's Volume of Confrontation (Sif Muna
                  | gifted it to you on level 6 of the Lair of Beasts)
 20173 | Lair:6   | Received a gift from Sif Muna
 22492 | Lair:1   | Killed Ushiar's ghost
 22661 | Orc:1    | Entered Level 1 of the Orcish Mines
 23211 | Orc:1    | Noticed Fannar
 23217 | Orc:1    | Killed Fannar
 23564 | Orc:1    | Found a roughly hewn altar of Beogh.
 23648 | Orc:2    | Entered Level 2 of the Orcish Mines
 23737 | Orc:2    | Found a staircase to the Elven Halls.
 24514 | Orc:2    | Reached skill level 13 in Fire Magic
 24626 | Orc:2    | Found Xoicw's Jewellery Shoppe.
 24911 | Orc:2    | Reached XP level 15. HP: 42/81 MP: 3/31
 25024 | Orc:2    | Found Kar Cucw's Jewellery Shop.
 25031 | Orc:2    | Found Deluc's Food Shop.
 25033 | Orc:2    | Found Tepeiwnu's Gadget Shoppe.
 25116 | Orc:2    | Bought an uncursed ring of poison resistance for 320 gold
                  | pieces
 25116 | Orc:2    | Bought an uncursed ring of wizardry for 480 gold pieces
 25532 | D:12     | Identified Sif Muna's Reference Book on the Supportive
                  | Snowflakes (Sif Muna gifted it to you on level 12 of the
                  | Dungeon)
 25532 | D:12     | Received a gift from Sif Muna
 26003 | D:13     | Found a frozen archway.
 26030 | IceCv    | Entered an ice cave
 27360 | IceCv    | Noticed a frost giant
 27404 | IceCv    | Killed a frost giant
 27626 | D:13     | Noticed Erolcha
 27627 | D:13     | Noticed Urug
 27637 | D:13     | Killed Erolcha
 27643 | D:13     | HP: 2/81 [Urug/javelin (9)]
 27660 | D:13     | Killed Urug
 27963 | D:13     | Found a gate to the Vaults.
 27968 | D:13     | Noticed Rupert
 27984 | D:13     | HP: 2/81 [Rupert/+1 great mace of protection (40)]
 27986 | D:13     | Killed Rupert
 28627 | D:13     | Noticed Azrael
 28639 | D:13     | Learned a level 6 spell: Iron Shot
 29130 | D:13     | Killed Azrael
 29164 | D:13     | You fall into a shaft and drop 1 floor!
 29263 | D:14     | Found a shadowy altar of Dithmenos.
 29539 | D:14     | Reached skill level 1 in Earth Magic
 29540 | D:14     | Identified Sif Muna's Grimoire of Calling (Sif Muna gifted
                  | it to you on level 14 of the Dungeon)
 29540 | D:14     | Received a gift from Sif Muna
 30234 | D:14     | Reached skill level 14 in Fire Magic
 30239 | D:14     | Reached XP level 16. HP: 46/86 MP: 17/32
 30835 | D:15     | Entered Level 15 of the Dungeon
 31112 | D:15     | Found a staircase to the Depths.
 31183 | D:15     | Reached skill level 10 in Dodging
 31215 | D:15     | Noticed Josephine
 31219 | D:15     | Killed Josephine
 31852 | D:15     | Upgraded the game from 0.25-a0-503-ge281fa673e to
                  | 0.25-a0-504-g768f60da87
 32060 | Shoals:1 | Entered Level 1 of the Shoals
 32228 | Shoals:1 | Reached skill level 1 in Evocations
 32665 | Shoals:1 | Found a transporter.
 32718 | Shoals:1 | Identified the ring of Kewes {rN+ Str+6 Int+3 Dex-5}
 33041 | Shoals:1 | Found a transporter.
 33482 | Shoals:1 | Paralysed by the power of Zot for 2 turns
 33496 | Shoals:1 | Gained mutation: You are dopey. (Int -2) [mutagenic glow]
 33559 | Shoals:1 | Gained mutation: Scrolls take you a little longer to read.
                  | [mutagenic glow]
 34256 | Shoals:2 | Noticed Polyphemus
 34267 | Shoals:2 | Killed Polyphemus
 35835 | Shoals:2 | Noticed a kraken
 35843 | Shoals:2 | Killed a kraken
 35900 | Shoals:2 | Reached XP level 17. HP: 90/90 MP: 17/34
 36238 | Shoals:3 | Reached skill level 1 in Fighting
 36979 | Shoals:4 | Entered Level 4 of the Shoals
 37387 | Shoals:3 | Lost mutation: Scrolls take you a little longer to read.
                  | [potion of mutation]
 37387 | Shoals:3 | Gained mutation: You are partially covered in iridescent
                  | scales. (AC +2) [potion of mutation]
 37387 | Shoals:3 | Gained mutation: You are weak. (Str -2) [potion of
                  | mutation]
 37387 | Shoals:3 | Gained mutation: One of your tentacles bears a spike.
                  | [potion of mutation]
 37467 | Shoals:3 | Reached skill level 15 in Fire Magic
 37760 | Shoals:4 | Slain by a manticore

Levels and vault maps discovered:
D:1:      mrwooster_arrival_statue, layout_rooms
D:2:      layout_basic, makhleb_heckhound_becter
D:3:      layout_basic, gammafunk_temple_overflow_elements, first_ration,
          uniq_ijyb
D:4:      layout_gridville, minmay_manual_mail, uniq_menkaure
D:5:      layout_loops_ring, grunt_qazlal_sundering, dancing_weapons_uskayaw,
          serial_undead, serial_undead_c, serial_undead_f, serial_undead_e,
          serial_undead_a, serial_undead_a, serial_undead_a, serial_undead_b,
          serial_undead_a, portal_sewer_entry_d, kennysheep_small_spiral
D:6:      layout_cave_pools, minmay_temple_entry_glass
D:7:      layout_basic, zin_purify
D:8:      layout_basic, uniq_psyche
D:9:      layout_rooms, marbit_many_paths, due_lair_maze_entry_diamond,
          uniq_maggie
D:10:     layout_rooms, kennysheep_boxes
D:11:     layout_small_grid, orc_0_dummy, serial_shops, shop, uniq_snorg
D:12:     layout_basic
D:13:     layout_loops_ring, david_vaults_3, portal_ice_cave_entry_ice_beasts,
          uniq_erolcha, uniq_azrael
D:14:     layout_small_grid, nicolae_dithmenos_shadow_blocks
D:15:     grunt_enter_depths_giant_problem, layout_long_grid,
          hangedman_abyss_or_decor_lesser_grid, minmay_misc_feat_roman,
          minmay_misc_feat_columns, roderic_lattice_a, uniq_josephine
Lair:1:   layout_chaotic_city, gammafunk_ghost_necromancy, st_stairs_11,
          chequers_serial_rivers_small_b, nicolae_quartered_pool_super,
          uniq_harold
Lair:2:   layout_cave_pods, basic_altar, uniq_sonja, uniq_nergalle
Lair:3:   layout_cave_shapes, minmay_shoals_entry_hut, grunt_megastairs_3,
          uniq_urug
Lair:4:   layout_big_grid, dummy_spider_entry
Lair:5:   layout_regular_city, minmay_slime_entry_pillars, wad_woods_antlair
Lair:6:   hangedman_lair_caniforms_friends, layout_cave_pods,
          guppyfry_lair_end_dragon, guppyfry_lair_drakes
Shoals:1: gammafunk_its_a_trap, layout_shoals
Shoals:2: layout_shoals, nicolae_shoals_hunting_party, uniq_polyphemus
Shoals:3: layout_shoals, nicolae_shoals_circle_sea_wall
Shoals:4: shoals_end_grunt_ice, layout_shoals,
          nicolae_shoals_kraken_intersection, uniq_nikola
Orc:1:    layout_diamond_mine, basic_altar, uniq_fannar
Orc:2:    st_orc_elflike, layout_diamond_mine

Skill      XL: |  1  2  3  4  5  6  7  8  9 10 11 12 13 14 15 16 17 |
---------------+----------------------------------------------------+-----
Conjurations   | 2 3 4 5 7 8 9 10 11 12 | 12.8
Spellcasting   | 3 4 5 7 8 9 10 11 12 13 | 13.8
Fire Magic     | 4 5 6 8 9 10 11 12 13 14 15 | 15.0
Charms         | 1 3 5 7 8 9 10 12 13 | 13.1
Dodging        | 3 4 5 6 7 8 9 10 | 10.6
Translocations | 1 3 4 |  4.0
Invocations    | 2 4 6 7 8 9 |  9.1
Shields        | 3 4 |  4.0
Earth Magic    | 1 4 |  4.5
Evocations     | 3 4 |  4.0
Fighting       | 1 |  1.9
Stealth        | |  2.6

Action                   |  1- 3 |  4- 6 |  7- 9 | 10-12 | 13-15 | 16-18 || total
-------------------------+-------+-------+-------+-------+-------+-------++-------
Melee: Club              |    31 |     8 |     2 |       |       |       ||    41
       Constrict         |     9 |     4 |    25 |    33 |    31 |     6 ||   108
       Tentacles         |     7 |     2 |    16 |    21 |    36 |     6 ||    88
       Quarterstaff      |       |       |    83 |   128 |       |       ||   211
       Staff             |       |       |       |       |   106 |    16 ||   122
       Long sword        |       |       |       |       |    10 |       ||    10
Throw: Stone             |       |       |     1 |       |       |       ||     1
       Dart              |       |       |       |     5 |     5 |       ||    10
 Cast: Foxfire           |    60 |    68 |   242 |   291 |   519 |    38 ||  1218
       Sticky Flame      |       |     4 |    18 |    91 |   156 |    16 ||   285
       Fireball          |       |       |     1 |    45 |   252 |   197 ||   495
       Blink             |       |       |       |     2 |     7 |     1 ||    10
       Shroud of Golubri |       |       |       |     1 |     1 |     1 ||     3
       Orb of Destructio |       |       |       |       |    49 |    28 ||    77
       Irradiate         |       |       |       |       |     3 |     2 ||     5
       Iron Shot         |       |       |       |       |    12 |    11 ||    23
Invok: Channel Magic     |       |       |       |     2 |    23 |     6 ||    31
Evoke: Wand              |       |       |     1 |     7 |     1 |       ||     9
  Use: Scroll            |       |       |    11 |    10 |    12 |     2 ||    35
       Potion            |       |       |     3 |    12 |     6 |     3 ||    24
 Stab: Distracted        |       |       |     1 |       |       |       ||     1
       Sleeping          |       |       |     1 |     4 |       |     1 ||     6
       Invisible         |       |       |     1 |       |       |       ||     1
  Eat: Chunk             |     2 |     6 |    15 |    31 |    76 |    38 ||   168
       Ration            |       |       |       |     3 |    11 |     6 ||    20
Armor: Skin              |    15 |     3 |    15 |    51 |    45 |    15 ||   144
Dodge: Dodged            |    60 |     9 |    84 |   231 |   278 |   104 ||   766
Block: Buckler           |       |       |       |       |    75 |    24 ||    99
       Rpst.: Long sword |       |       |       |       |     1 |       ||     1

Table legend:
 A = Non-vault XP
 B = Vault XP
 C = Vault XP percentage of total XP
 D = Non-vault monster count
 E = Vault monster count
 F = Vault count percentage of total count
                 A         B        C        D         E       F
            +---------+---------+-------+---------+---------+-------
      Total |  123324 |   77811 |  38.7 |     657 |     284 |  30.2
            +---------+---------+-------+---------+---------+-------
        D:1 |      51 |       0 |   0.0 |      29 |       0 |   0.0
        D:2 |      31 |      40 |  56.3 |      18 |       1 |   5.3
        D:3 |     235 |      36 |  13.3 |      21 |       1 |   4.5
        D:4 |      98 |     292 |  74.9 |      10 |       4 |  28.6
        D:5 |     907 |     417 |  31.5 |      38 |      20 |  34.5
        D:6 |     868 |       0 |   0.0 |      20 |       0 |   0.0
        D:7 |     451 |       0 |   0.0 |      11 |       0 |   0.0
        D:8 |    2550 |     567 |  18.2 |      18 |       2 |  10.0
        D:9 |    1237 |    1352 |  52.2 |      27 |      11 |  28.9
       D:10 |    4105 |       0 |   0.0 |      57 |       0 |   0.0
       D:11 |    6142 |    1134 |  15.6 |      56 |       1 |   1.8
       D:12 |    4279 |       0 |   0.0 |      30 |       0 |   0.0
       D:13 |    3706 |   12058 |  76.5 |      22 |      36 |  62.1
       D:14 |   14471 |       0 |   0.0 |      54 |       0 |   0.0
       D:15 |    2924 |    3971 |  57.6 |       9 |       7 |  43.8
     Lair:1 |    1426 |    3824 |  72.8 |       6 |      10 |  62.5
     Lair:2 |    5468 |    1574 |  22.4 |      24 |       2 |   7.7
     Lair:3 |    6086 |     794 |  11.5 |      14 |       3 |  17.6
     Lair:4 |    3747 |       0 |   0.0 |      14 |       0 |   0.0
     Lair:5 |    6258 |    5187 |  45.3 |      23 |      18 |  43.9
     Lair:6 |    6670 |   14630 |  68.7 |      20 |      71 |  78.0
   Shoals:1 |   14432 |    1462 |   9.2 |      31 |       3 |   8.8
   Shoals:2 |   15927 |    7302 |  31.4 |      27 |       6 |  18.2
   Shoals:3 |   12854 |       0 |   0.0 |      27 |       0 |   0.0
   Shoals:4 |    4659 |    2182 |  31.9 |       8 |       5 |  38.5
      Orc:1 |    2438 |    1012 |  29.3 |      23 |       1 |   4.2
      Orc:2 |    1304 |    7678 |  85.5 |      20 |      23 |  53.5
      Sewer |       0 |     114 | 100.0 |       0 |       6 | 100.0
      IceCv |       0 |   12185 | 100.0 |       0 |      53 | 100.0
            +---------+---------+-------+---------+---------+-------
